 Dungeon Crawl Stone Soup version 0.28.0-53-g5a82cb258f (webtiles) character file.

Game seed: 16702679849568367271

7 Duoop the Grave Robber (level 1, -1/13 HPs)
             Began as a Mummy Necromancer on June 26, 2022.
             Slain by a quokka (2 damage)
             ... on level 1 of the Dungeon.
             The game lasted 00:02:42 (257 turns).

Duoop the Grave Robber (Mummy Necromancer)           Turns: 257, Time: 00:02:43

Health: -1/13      AC:  2    Str: 11    XL:     1   Next: 83%
Magic:  4/4        EV: 12    Int: 14    God:
Gold:   0          SH:  0    Dex: 12    Spells: 3/5 levels left

rFire   x . .      SeeInvis .   e - +2 spear (venom)
rCold   + . .      Faith    .   (no shield)
rNeg    + + +      Spirit   .   a - +0 robe
rPois   ∞          Reflect  .   (no helmet)
rElec   .          Harm     .   (no cloak)
rCorr   .          Rampage  .   (no gloves)
Will    .....                   (no boots)
Stlth   ++........              (no amulet)
HPRegen 0.04/turn               (no ring)
MPRegen 0.09/turn               (no ring)

@: no status effects
A: cold resistance 1, negative energy resistance 3, torment resistance 2, heat
vulnerability 1, no potions
a: no special abilities


You were on level 1 of the Dungeon.
You visited 1 branch of the dungeon, and saw 1 of its levels.

Inventory:

Hand Weapons
 d - a +0 club
 e - a +2 spear of venom (weapon)
Armour
 a - a +0 robe (worn)
 c - a +0 leather armour
Potions
 b - a potion of degeneration {unknown}


   Skills:
 + Level 1.5 Dodging
 + Level 1.6 Stealth
 + Level 2.7 Spellcasting
 + Level 4.2 Necromancy


You had 3 spell levels left.
You knew the following spells:

 Your Spells              Type           Power      Damage    Failure   Level
a - Pain                  Necr           52%        1d6       3%          1
b - Animate Skeleton      Necr           26%        N/A       3%          1

Your spell library contained the following spells:

 Spells                   Type           Power      Damage    Failure   Level
 Vampiric Draining        Necr           13%        2d6       12%         3
 Animate Dead             Necr           6%         N/A       36%         4
 Agony                    Necr           13%        N/A       71%         5


Dungeon Overview and Level Annotations

Branches:
Dungeon (1/15)

Altars:


Innate Abilities, Weirdness & Mutations

You are immune to poison.
Your flesh is cold resistant. (rC+)
You are immune to negative energy. (rN+++)
You are immune to unholy pain and torment.
You are vulnerable to heat. (rF-)
You do not drink.


Message History

You hit the rat.
You kill the rat!
You hit the hobgoblin.
The hobgoblin is poisoned.
The hobgoblin is heavily wounded.
You kill the hobgoblin!
You see here a hobgoblin corpse.
You open the door.
Found 22 stones.
There is an open door here.
You open the door.
There is an open door here.
You open the door. You open the door. You open the door. You open the door.
There is an open door here.
Found a stone staircase leading down.
An endoplasm comes into view.
An endoplasm is nearby!
An endoplasm is nearby!
An endoplasm is nearby!
A quokka comes into view.
The endoplasm quivers.
The endoplasm hits you.
The endoplasm hits you but does no damage.
The endoplasm hits you. The quokka misses you. The quokka bites you.
The quokka misses you. The quokka barely misses you. The quokka bites you.
The quokka completely misses you. The quokka barely misses you.
The quokka bites you but does no damage.
The quokka barely misses you. The quokka bites you.
* * * LOW HITPOINT WARNING * * *
The quokka bites you.
* * * LOW HITPOINT WARNING * * *
The quokka closely misses you. The quokka bites you.
You die...

###### #....#
...... #....#
..... #....# ....
#....# ...
#....#### #..
........# #..#
#######.#####..###
# #.......>.@#
#####
#.######.#r####
'...#
#.###.....J...#
###.#
#...........#.# #
#.###.......# #
###+###.#
#.......#
(.....+.#
#.......#
###+###.#
#.......# # #.#
#.......#


You could see an endoplasm and a quokka.

Vanquished Creatures
  A giant cockroach (D:1)
  A goblin (D:1)
  A hobgoblin (D:1)
  2 ball pythons (D:1)
  A rat (D:1)
6 creatures vanquished.

Vanquished Creatures (others)
  A plant (D:1)
1 creature vanquished.

Grand Total: 7 creatures vanquished

Notes
Turn   | Place    | Note
-------+----------+-------------------------------------------
     0 | D:1      | Duoop the Mummy Necromancer began the quest for the Orb.
     0 | D:1      | Reached XP level 1. HP: 13/13 MP: 4/4
    12 | D:1      | Learned a level 1 spell: Animate Skeleton
   257 | D:1      | Slain by a quokka

Illustrated notes

Levels and vault maps discovered:
D:1:      saegor_arrival_under_anarchy, layout_basic, minmay_door_square,
          wad_floor_pattern_1, minmay_quantized

Action                   || total
-------------------------++-------
Melee: Unarmed           ||     6
       Club              ||     4
       Spear             ||     2
 Cast: Pain              ||     4
       Animate Skeleton  ||     1
Armor: Robe              ||     4
Dodge: Dodged            ||    13
